 Dungeon Crawl Stone Soup version 0.28.0-45-g0d030f2227 (webtiles) character file.

Game seed: 2083422300781609443

1249 pkoi the Ruffian (level 8, -5/94 HPs)
             Began as a Demigod Gladiator on Apr 18, 2022.
             Slain by a hornet zombie (9 damage)
             ... in an ossuary.
             The game lasted 00:09:30 (8098 turns).

pkoi the Ruffian (Demigod Gladiator)                Turns: 8098, Time: 00:09:30

Health: -5/94      AC:  7    Str: 19    XL:     8   Next: 5%
Magic:  15/15      EV: 17    Int: 14    God:
Gold:   242        SH:  0    Dex: 17    Spells: 10/13 levels left

rFire   . . .      SeeInvis .     - Unarmed
rCold   . . .      Faith    .   (no shield)
rNeg    . . .      Spirit   .   o - +2 robe of Slovenliness {Dex+2}
rPois   .          Reflect  .   b - +1 helmet
rElec   .          Harm     .   (no cloak)
rCorr   .          Rampage  .   z - +0 pair of gloves
Will    .....                   (no boots)
Stlth   ..........              (no amulet)
HPRegen 0.25/turn               q - +4 ring of evasion
MPRegen 0.14/turn               r - ring of flight

@: berserking, flying, very quick
A: high MP 1, forlorn, divine attributes
a: no special abilities


You were in an ossuary.
You visited 1 branch of the dungeon, and saw 6 of its levels.
You also visited: Ossuary.

You collected 242 gold pieces.

Inventory:

Hand Weapons
 i - a +0 hand axe
 j - a +2 hunting sling of flaming
 k - a +0 mace of distortion
 p - a +1 dagger of pain
Missiles
 c - 5 throwing nets (quivered)
 e - 46 sling bullets
 l - 122 stones
 t - 5 poisoned darts
Armour
 a - a +0 leather armour
 b - a +1 helmet (worn)
 m - a +0 ring mail
 o - the +2 robe of Slovenliness (worn) {Dex+2}
   (You found it on level 3 of the Dungeon)

   Dex:       It affects your dexterity (+2).
 z - a +0 pair of gloves (worn)
Magical Staves
 n - a staff of poison
Jewellery
 q - a +4 ring of evasion (left hand)
 r - a ring of flight (right hand)
Scrolls
 f - 4 scrolls of identify
 g - a scroll of vulnerability
 s - a scroll of teleportation
 u - a scroll of amnesia
 w - a scroll of fear
 y - a scroll of enchant armour
Potions
 d - a potion of curing
 h - 3 potions of mutation


   Skills:
 - Level 3.2 Fighting
 - Level 1.7 Throwing
 - Level 3.0 Dodging
 * Level 7.5 Unarmed Combat
 + Level 3.0 Spellcasting
 + Level 3.1 Ice Magic


You had 10 spell levels left.
You knew the following spells:

 Your Spells              Type           Power      Damage    Failure   Level
a - Ozocubu's Armour      Ice            10%        N/A       19%         3

Your spell library contained the following spells:

 Spells                   Type           Power      Damage    Failure   Level
 Dazzling Flash           Conj/Hex       4%         N/A       54%         3
 Portal Projectile        Hex/Tloc       4%         N/A       54%         3
 Fulminant Prism          Conj/Hex       1%         3d6       91%         4
 Iskenderun's Mystic Bla  Conj/Tloc      2%         2d3       91%         4
 Blade Hands              Tmut           1%         N/A       99%         5
 Excruciating Wounds      Necr           1%         N/A       99%         5
 Conjure Ball Lightning   Conj/Air       1%         3x3d6     100%        6
 Starburst                Conj/Fire      1%         6d3       100%        6
 Ozocubu's Refrigeration  Ice            5%         4d6       100%        7
 Storm Form               Tmut/Air       1%         N/A       100%        7


Dungeon Overview and Level Annotations

Branches:
Dungeon (6/15)            Ossuary (1/1)
 Temple: D:4-7

Shops:
D:4 [

Annotations:
D:5 2 transporters


Innate Abilities, Weirdness & Mutations

You have an increased reservoir of magic. (+10% MP)
You shall have no god before yourself.
Your divine heritage dramatically boosts your attributes as you level up.


Message History

The hornet zombie hits you!
* * * LOW HITPOINT WARNING * * *
You closely miss the hornet zombie.
The hornet zombie is moderately damaged.
The hornet zombie barely misses you. The hornet zombie hits you!
* * * LOW HITPOINT WARNING * * *
You hit the hornet zombie but do no damage.
The hornet zombie is moderately damaged.
The hornet zombie misses you.
You hit the hornet zombie but do no damage.
The hornet zombie is moderately damaged.
The hornet zombie hits you!
* * * LOW HITPOINT WARNING * * *
You aren't carrying any items that you can evoke.
Unknown command.
It was a potion of flight.
You feel more buoyant. The hornet zombie hits you!
* * * LOW HITPOINT WARNING * * *
It was a potion of berserk rage.
A red film seems to cover your vision as you go berserk!
You feel yourself moving faster!
You feel mighty! The hornet zombie hits you.
* * * LOW HITPOINT WARNING * * *
You hit the hornet zombie.
The hornet zombie is heavily damaged.
The hornet zombie hits you.
* * * LOW HITPOINT WARNING * * *
You punch the hornet zombie!
The hornet zombie is severely damaged.
The hornet zombie hits you!
* * * LOW HITPOINT WARNING * * *
You barely miss the hornet zombie.
The hornet zombie is severely damaged.
The hornet zombie misses you.
You hit the hornet zombie.
The hornet zombie is severely damaged.
You closely miss the hornet zombie.
The hornet zombie is severely damaged.
The hornet zombie hits you!
You die...

#########
#.#.#@≈.#
#'#.Z≈#+#.
+(..≈≈≈≈..≈..
#.#####≈#####
+(#...#≈#
#.'.(.# #
#...#..∩#
#≈(≈#####
#..≈'


You could see a hornet zombie.

Vanquished Creatures
  A water moccasin (D:5)
  A sky beast (D:5)
  A phantom (D:5)
  2 wyvern zombies (Ossuary)
  4 scorpions
  A centaur zombie (Ossuary)
  A jelly (D:3)
  2 bullfrog zombies
  Jessica (D:2)
  A centaur skeleton (D:5)
  2 iguanas
  An orc wizard (D:4)
  8 mummies (Ossuary)
  A killer bee zombie (Ossuary)
  4 gnolls
  4 adders
  A shadow imp (D:5)
  An adder skeleton (D:4)
  A worm (D:2)
  A dart slug (D:1)
  6 orcs
  8 ball pythons
  5 bats
  6 endoplasms
  2 giant cockroaches
  15 goblins
  5 hobgoblins
  5 jackals (D:1)
  5 kobolds
  2 quokkas
  4 frilled lizards
  3 rats
105 creatures vanquished.

Vanquished Creatures (others)
  12 plants (D:4)
  13 withered plants (Ossuary)
25 creatures vanquished.

Grand Total: 130 creatures vanquished

Notes
Turn   | Place    | Note
-------+----------+-------------------------------------------
     0 | D:1      | pkoi the Demigod Gladiator began the quest for the Orb.
     0 | D:1      | Reached XP level 1. HP: 17/17 MP: 3/3
   119 | D:1      | Reached skill level 3 in Unarmed Combat
   373 | D:1      | Reached XP level 2. HP: 16/24 MP: 4/4
  1043 | D:1      | Reached XP level 3. HP: 20/29 MP: 5/5
  1783 | D:2      | Noticed Jessica
  1799 | D:2      | Killed Jessica
  1800 | D:2      | Reached skill level 4 in Unarmed Combat
  1800 | D:2      | Reached XP level 4. HP: 7/37 MP: 6/6
  3433 | D:3      | Identified the +9 whip of Zin's Generosity {vorpal, rPois
                  | SInv Stlth+}
  3487 | D:3      | Identified the +2 robe of Slovenliness {Dex+2}
  3698 | D:3      | Learned a level 3 spell: Ozocubu's Armour
  4152 | D:3      | Reached XP level 5. HP: 42/45 MP: 7/7
  4659 | D:4      | Got the Incunabulum of Floating Battle Magic
  4718 | D:4      | Found Rebaax's Armour Shoppe.
  5018 | D:5      | Entered Level 5 of the Dungeon
  5062 | D:5      | Found a transporter.
  5110 | D:5      | Noticed a water moccasin
  5126 | D:5      | Killed a water moccasin
  5127 | D:5      | Reached skill level 5 in Unarmed Combat
  5127 | D:5      | Reached skill level 1 in Spellcasting
  5127 | D:5      | Reached skill level 1 in Ice Magic
  5127 | D:5      | Reached XP level 6. HP: 51/51 MP: 8/10
  6655 | D:5      | Found a transporter.
  7222 | D:6      | Noticed a troll
  7294 | D:5      | Reached skill level 6 in Unarmed Combat
  7294 | D:5      | Reached XP level 7. HP: 48/57 MP: 11/13
  7373 | D:6      | Found a sand-covered staircase.
  7467 | Ossuary  | Entered an ossuary
  7537 | Ossuary  | Reached skill level 7 in Unarmed Combat
  7940 | Ossuary  | Reached XP level 8. HP: 31/63 MP: 15/15
  8095 | Ossuary  | HP: 4/94 [hornet zombie (9)]
  8098 | Ossuary  | Slain by a hornet zombie

Illustrated notes

Levels and vault maps discovered:
D:1:      grunt_arrival_crossed_arrows, layout_rooms,
          hellmonk_ecumenical_altar_zigzags
D:2:      layout_loops_corners, uniq_jessica
D:3:      layout_basic, bloody_makhleb
D:4:      layout_loops_ring, nicolae_hepliaklqana_hazy_memory,
          nicolae_take_the_stairs
D:5:      gammafunk_cloud_chamber, layout_loops_ring
D:6:      layout_gridville, nicolae_ossuary_entry_false_entrances,
          grunt_ministairs_1
Ossuary:  ossuary_zaba_flooded

Skill      XL: |  1  2  3  4  5  6  7 |
---------------+----------------------+-----
Unarmed Combat | 3 4 5 6 7 |  7.5
Fighting       | 2 3 |  3.2
Spellcasting   | 1 2 3 |  3.0
Ice Magic      | 1 2 3 |  3.1
Dodging        | 3 |  3.0
Throwing       | |  1.7

Action                   |  1- 3 |  4- 6 |  7- 9 || total
-------------------------+-------+-------+-------++-------
Melee: Unarmed           |   149 |   197 |   121 ||   467
       Punch             |     7 |     7 |     6 ||    20
 Fire: Hunting sling     |       |     5 |    11 ||    16
  Use: Scroll            |       |     9 |       ||     9
       Potion            |       |     4 |     2 ||     6
 Stab: Sleeping          |     1 |     2 |       ||     3
       Distracted        |       |     1 |       ||     1
Armor: Leather armour    |    32 |       |       ||    32
       Ring mail         |    14 |    20 |       ||    34
       Robe              |       |    21 |    17 ||    38
       Skin              |       |     3 |       ||     3
Dodge: Dodged            |    98 |   119 |    72 ||   289
